2813 views
Uploaded 2020-02-09 16:27:59
Game version 1.32 / 1.32.1
23:41 long 2on2 ladder game on (4)SynergyBigPaved
Saved by Grim
2813 views
Uploaded 2020-02-09 16:27:59
Game version 1.32 / 1.32.1
23:41 long 2on2 ladder game on (4)SynergyBigPaved


85 units @ 11.9k
/ 2.1k
31 buildings @ 5.6k
/ 2.3k


| Healing Salve | 1 | 100 |
| Potion of Healing | 1 | 150 |
| Orb of Lightning | 1 | 375 |
| Lesser Clarity Potion | 1 | 70 |
| total: | 4 | 695g |
| Peon | 12 | 900 | / | 0 |
| Grunt | 9 | 1800 | / | 0 |
| Spirit Walker | 5 | 975 | / | 175 |
| Tauren | 7 | 1960 | / | 560 |
| Demolisher | 4 | 880 | / | 200 |
| total: | 37 | 6515g | / | 935w |
| Watch Tower | 1 | 110 | / | 80 |
| Altar of Storms | 1 | 180 | / | 50 |
| Orc Burrow | 6 | 960 | / | 240 |
| Barracks | 1 | 180 | / | 50 |
| Voodoo Lounge | 1 | 130 | / | 30 |
| War Mill | 1 | 205 | / | 0 |
| Great Hall | 2 | 770 | / | 370 |
| Tauren Totem | 2 | 270 | / | 310 |
| Stronghold | 1 | 315 | / | 190 |
| Fortress | 1 | 325 | / | 190 |
| total: | 15 | 2805g | / | 1130w |
| 0:08 | Altar of Storms |
| 0:09 | Peon |
| 0:13 | Peon |
| 0:18 | Orc Burrow |
| 0:23 | Peon |
| 0:45 | Barracks |
| 0:48 | Peon |
| 1:04 | Peon |
| 1:27 | Peon |
| 1:36 | Orc Burrow |
| 1:47 | Grunt |
| 1:59 | Voodoo Lounge |
| 2:03 | Peon |
| 2:11 | Wind Walk |
| 2:30 | Grunt |
| 2:38 | Orc Burrow |
| 3:04 | Grunt |
| 3:13 | Peon |
| 3:40 | Grunt |
| 3:59 | Critical Strike |
| 4:10 | Grunt |
| 4:15 | Stronghold |
| 4:24 | Healing Salve |
| 4:53 | Grunt |
| 5:20 | Grunt |
| 5:24 | Orc Burrow |
| 5:45 | Grunt |
| 6:09 | Wind Walk |
| 6:31 | Grunt |
| 6:52 | Fortress |
| 6:55 | War Mill |
| 7:06 | Tauren Totem |
| 7:14 | Tauren Totem |
| 8:28 | Spirit Walker |
| 8:31 | Steel Armor |
| 8:38 | Critical Strike |
| 9:39 | Spirit Walker Adept Training |
| 9:41 | Steel Melee Weapons |
| 9:45 | Orc Burrow |
| 9:56 | Great Hall |
| 10:13 | War Stomp |
| 12:05 | Tauren |
| 12:06 | Spirit Walker Master Training |
| 12:33 | Tauren |
| 12:33 | Spirit Walker |
| 12:43 | Thorium Armor |
| 13:00 | Orc Burrow |
| 13:04 | Peon |
| 13:23 | Peon |
| 13:23 | Peon |
| 13:31 | Demolisher |
| 14:23 | Potion of Healing |
| 14:38 | Tauren |
| 15:04 | Orb of Lightning |
| 15:11 | Wind Walk |
| 15:19 | Thorium Melee Weapons |
| 15:25 | Peon |
| 15:28 | Watch Tower |
| 15:52 | Demolisher |
| 16:00 | Burning Oil |
| 16:04 | Spirit Walker |
| 16:52 | Tauren |
| 17:58 | Arcanite Armor |
| 19:50 | Tauren |
| 20:15 | Demolisher |
| 20:15 | Demolisher |
| 20:20 | Arcanite Melee Weapons |
| 20:44 | Tauren |
| 21:06 | Tauren |
| 21:22 | Spirit Walker |
| 21:47 | Lesser Clarity Potion |
| 22:02 | Spirit Walker |
| 22:48 | Great Hall |
| Right click | 526 |
| Select | 343 |
| Build/train/purchase | 97 |
| Misc. action | 15 |
| Use ability | 15 |
| Resource trade | 12 |
| Select group | 10 |
| Assign group | 6 |
| Item give/drop | 2 |
| Minimap ping | 2 |


| Staff of Preservation | 1 | 150 |
| Potion of Healing | 3 | 450 |
| Orb of Venom | 1 | 325 |
| Scroll of Town Portal | 1 | 350 |
| Boots of Speed | 1 | 250 |
| The Lion Horn of Stormwind | 1 | 400 |
| total: | 8 | 1925g |
| Wisp | 17 | 1020 | / | 0 |
| Archer | 7 | 910 | / | 70 |
| Dryad | 15 | 2175 | / | 900 |
| Druid of the Talon | 9 | 1305 | / | 180 |
| total: | 48 | 5410g | / | 1150w |
| Altar of Elders | 1 | 180 | / | 50 |
| Moon Well | 7 | 1260 | / | 280 |
| Ancient of War | 2 | 300 | / | 120 |
| Hunter's Hall | 1 | 210 | / | 100 |
| Ancient of Wonders | 1 | 90 | / | 30 |
| Tree of Life | 1 | 340 | / | 185 |
| Ancient of Lore | 2 | 310 | / | 290 |
| Ancient of Wind | 1 | 150 | / | 140 |
| Tree of Ages | 1 | 320 | / | 180 |
| Tree of Eternity | 1 | 330 | / | 200 |
| total: | 16 | 2840g | / | 1195w |
| 0:06 | Altar of Elders |
| 0:07 | Wisp |
| 0:07 | Wisp |
| 0:07 | Wisp |
| 1:22 | Wisp |
| 1:22 | Wisp |
| 1:25 | Moon Well |
| 1:31 | Wisp |
| 1:38 | Ancient of War |
| 1:39 | Wisp |
| 1:39 | Wisp |
| 1:50 | Wisp |
| 2:11 | Wisp |
| 2:25 | Ancient of War |
| 2:29 | Moon Well |
| 2:41 | Wisp |
| 2:42 | Archer |
| 2:55 | Wisp |
| 3:20 | Mana Burn |
| 3:25 | Archer |
| 3:27 | Moon Well |
| 3:28 | Wisp |
| 3:29 | Wisp |
| 3:30 | Archer |
| 3:44 | Boots of Speed |
| 4:10 | Archer |
| 4:25 | Tree of Ages |
| 4:49 | Evasion |
| 4:59 | Archer |
| 5:25 | Archer |
| 5:38 | Hunter's Hall |
| 5:57 | Moon Well |
| 6:17 | Archer |
| 6:42 | Ultravision |
| 6:42 | Strength of the Moon |
| 6:55 | Improved Strength of the Moon |
| 6:58 | Improved Bows |
| 7:09 | Mana Burn |
| 7:34 | Ancient of Lore |
| 7:34 | Ancient of Wind |
| 7:37 | Ancient of Lore |
| 8:34 | Ancient of Wonders |
| 8:48 | Entangling Roots |
| 8:55 | Dryad |
| 8:56 | Druid of the Talon |
| 9:40 | Dryad |
| 9:44 | Moon Well |
| 9:46 | Tree of Eternity |
| 9:49 | Advanced Strength of the Moon |
| 9:52 | Druid of the Talon Adept Training |
| 10:09 | Evasion |
| 10:38 | The Lion Horn of Stormwind |
| 10:53 | Druid of the Talon |
| 10:55 | Dryad |
| 10:55 | Abolish Magic |
| 11:34 | Force of Nature |
| 12:20 | Druid of the Talon |
| 12:21 | Dryad |
| 12:21 | Dryad |
| 13:04 | Staff of Preservation |
| 13:07 | Potion of Healing |
| 13:10 | Orb of Venom |
| 13:12 | Druid of the Talon |
| 13:15 | Well Spring |
| 13:56 | Druid of the Talon |
| 13:57 | Druid of the Talon Master Training |
| 13:58 | Dryad |
| 14:26 | Force of Nature |
| 14:36 | Mana Burn |
| 14:54 | Dryad |
| 15:15 | Potion of Healing |
| 15:20 | Scroll of Town Portal |
| 15:34 | Dryad |
| 15:36 | Strength of the Wild |
| 16:02 | Reinforced Hides |
| 16:34 | Dryad |
| 16:46 | Moon Well |
| 17:08 | Wisp |
| 17:08 | Wisp |
| 17:08 | Wisp |
| 18:01 | Improved Strength of the Wild |
| 18:04 | Druid of the Talon |
| 18:15 | Dryad |
| 18:25 | Druid of the Talon |
| 18:26 | Dryad |
| 18:28 | Moon Well |
| 19:10 | Endurance Aura |
| 19:30 | Dryad |
| 19:30 | Dryad |
| 19:32 | Druid of the Talon |
| 19:58 | Druid of the Talon |
| 20:29 | Potion of Healing |
| 20:40 | Mark of the Talon |
| 21:09 | Tree of Life |
| 21:17 | Dryad |
| 21:34 | Metamorphosis |
| 21:53 | Dryad |
| 23:13 | Bladestorm |
| 23:16 | Entangling Roots |
| Right click | 1061 |
| Select group | 912 |
| Select | 424 |
| Build/train/purchase | 103 |
| Misc. action | 77 |
| Use ability | 40 |
| Assign group | 26 |
| Item give/drop | 6 |
| Minimap ping | 6 |
| Remove unit | 3 |
72 units @ 13.9k
/ 2.4k
28 buildings @ 4.4k
/ 1.8k


| Healing Salve | 1 | 100 |
| Lesser Clarity Potion | 1 | 70 |
| total: | 2 | 170g |
| Peon | 8 | 600 | / | 0 |
| Grunt | 10 | 2000 | / | 0 |
| Tauren | 10 | 2800 | / | 800 |
| Shaman | 6 | 780 | / | 120 |
| Spirit Walker | 3 | 585 | / | 105 |
| total: | 37 | 6765g | / | 1025w |
| Altar of Storms | 1 | 180 | / | 50 |
| Orc Burrow | 7 | 1120 | / | 280 |
| Barracks | 1 | 180 | / | 50 |
| War Mill | 1 | 205 | / | 0 |
| Voodoo Lounge | 1 | 130 | / | 30 |
| Tauren Totem | 2 | 270 | / | 310 |
| Spirit Lodge | 1 | 150 | / | 150 |
| Stronghold | 1 | 315 | / | 190 |
| Fortress | 2 | 650 | / | 380 |
| total: | 14 | 2235g | / | 870w |
| 0:03 | Peon |
| 0:03 | Peon |
| 0:08 | Altar of Storms |
| 0:20 | Orc Burrow |
| 0:28 | Peon |
| 0:37 | Barracks |
| 0:45 | Peon |
| 0:54 | Peon |
| 1:19 | Peon |
| 1:22 | Peon |
| 1:36 | War Mill |
| 1:45 | Grunt |
| 1:50 | Peon |
| 2:09 | Orc Burrow |
| 2:16 | Wind Walk |
| 3:00 | Grunt |
| 3:07 | Orc Burrow |
| 3:20 | Voodoo Lounge |
| 3:44 | Grunt |
| 3:47 | Stronghold |
| 4:04 | Grunt |
| 4:35 | Grunt |
| 4:36 | Steel Melee Weapons |
| 5:00 | Critical Strike |
| 5:10 | Grunt |
| 5:38 | Healing Salve |
| 5:51 | Grunt |
| 5:53 | Steel Armor |
| 5:58 | Orc Burrow |
| 6:38 | Berserker Strength |
| 6:40 | Fortress |
| 6:58 | Orc Burrow |
| 8:00 | Healing Wave |
| 8:29 | Wind Walk |
| 8:36 | Tauren Totem |
| 8:37 | Fortress |
| 8:42 | Spirit Lodge |
| 9:41 | Thorium Armor |
| 9:47 | Orc Burrow |
| 9:58 | Grunt |
| 10:02 | Grunt |
| 10:03 | Shaman Adept Training |
| 10:07 | Spirit Walker Adept Training |
| 10:26 | Grunt |
| 11:26 | Hex |
| 11:54 | Critical Strike |
| 12:01 | Tauren |
| 12:33 | Tauren |
| 12:40 | Tauren Totem |
| 12:42 | Shaman Master Training |
| 12:47 | Orc Burrow |
| 13:14 | Tauren |
| 13:17 | Thorium Melee Weapons |
| 14:17 | Healing Wave |
| 14:41 | Tauren |
| 14:42 | Pulverize |
| 14:44 | Spirit Walker Master Training |
| 14:48 | Shaman |
| 14:48 | Shaman |
| 15:14 | Spirit Walker |
| 15:45 | Tauren |
| 16:17 | Lesser Clarity Potion |
| 16:26 | Tauren |
| 16:28 | Spirit Walker |
| 16:31 | Shaman |
| 17:28 | Tauren |
| 18:17 | Tauren |
| 19:37 | Wind Walk |
| 19:48 | Hex |
| 20:02 | Tauren |
| 20:05 | Shaman |
| 20:42 | Spirit Walker |
| 20:43 | Shaman |
| 21:22 | Arcanite Melee Weapons |
| 21:25 | Shaman |
| 22:31 | Tauren |
| 23:33 | Healing Wave |
| Right click | 1171 |
| Select | 332 |
| Select group | 147 |
| Build/train/purchase | 91 |
| Assign group | 28 |
| Use ability | 22 |
| Remove unit | 4 |
| Minimap ping | 2 |



| Rod of Necromancy | 3 | 450 |
| Orb of Corruption | 1 | 375 |
| Potion of Healing | 1 | 150 |
| Dust of Appearance | 1 | 75 |
| Scroll of Town Portal | 1 | 350 |
| total: | 7 | 1400g |
| Acolyte | 4 | 300 | / | 0 |
| Ghoul | 4 | 480 | / | 0 |
| Crypt Fiend | 17 | 3655 | / | 680 |
| Obsidian Statue | 6 | 1200 | / | 210 |
| Frost Wyrm | 4 | 1540 | / | 480 |
| total: | 35 | 7175g | / | 1370w |
| Crypt | 1 | 200 | / | 50 |
| Graveyard | 1 | 215 | / | 0 |
| Altar of Darkness | 1 | 180 | / | 50 |
| Ziggurat | 7 | 1050 | / | 350 |
| Tomb of Relics | 1 | 130 | / | 30 |
| Slaughterhouse | 1 | 140 | / | 135 |
| Sacrificial Pit | 1 | 75 | / | 150 |
| Boneyard | 1 | 175 | / | 200 |
| Halls of the Dead | 1 | 320 | / | 210 |
| Black Citadel | 1 | 325 | / | 230 |
| total: | 14 | 2165g | / | 965w |
| 0:04 | Acolyte |
| 0:08 | Crypt |
| 0:13 | Graveyard |
| 0:23 | Acolyte |
| 0:42 | Altar of Darkness |
| 0:58 | Ziggurat |
| 1:12 | Ghoul |
| 1:25 | Tomb of Relics |
| 1:49 | Crypt Fiend |
| 2:02 | Ziggurat |
| 2:23 | Crypt Fiend |
| 2:23 | Crypt Fiend |
| 2:46 | Death Coil |
| 2:47 | Rod of Necromancy |
| 2:47 | Dust of Appearance |
| 3:17 | Halls of the Dead |
| 3:38 | Ghoul |
| 3:52 | Unholy Aura |
| 3:56 | Crypt Fiend |
| 4:21 | Crypt Fiend |
| 4:27 | Rod of Necromancy |
| 4:38 | Ziggurat |
| 5:30 | Crypt Fiend |
| 5:38 | Ziggurat |
| 5:42 | Slaughterhouse |
| 5:50 | Burrow |
| 6:59 | Obsidian Statue |
| 6:59 | Crypt Fiend |
| 7:02 | Death Coil |
| 7:21 | Frost Nova |
| 7:22 | Rod of Necromancy |
| 8:03 | Crypt Fiend |
| 8:26 | Obsidian Statue |
| 8:27 | Black Citadel |
| 8:29 | Creature Attack |
| 9:00 | Frost Armor |
| 9:12 | Ziggurat |
| 9:49 | Crypt Fiend |
| 10:00 | Ziggurat |
| 10:06 | Sacrificial Pit |
| 10:51 | Silence |
| 10:56 | Boneyard |
| 11:41 | Obsidian Statue |
| 11:44 | Frost Nova |
| 12:06 | Unholy Aura |
| 12:36 | Crypt Fiend |
| 12:37 | Frost Wyrm |
| 12:46 | Ghoul |
| 13:00 | Acolyte |
| 13:00 | Acolyte |
| 13:11 | Obsidian Statue |
| 13:13 | Crypt Fiend |
| 13:15 | Ghoul |
| 13:36 | Crypt Fiend |
| 13:48 | Frost Wyrm |
| 14:32 | Black Arrow |
| 14:51 | Destroyer Form |
| 14:54 | Orb of Corruption |
| 14:57 | Crypt Fiend |
| 15:05 | Improved Creature Attack |
| 15:19 | Scroll of Town Portal |
| 16:00 | Crypt Fiend |
| 16:48 | Ziggurat |
| 16:52 | Crypt Fiend |
| 17:40 | Frost Wyrm |
| 18:06 | Potion of Healing |
| 19:18 | Silence |
| 19:29 | Death Coil |
| 19:36 | Crypt Fiend |
| 19:52 | Crypt Fiend |
| 19:53 | Frost Armor |
| 20:12 | Obsidian Statue |
| 20:55 | Obsidian Statue |
| 21:11 | Frost Wyrm |
| 21:58 | Advanced Creature Attack |
| Right click | 1391 |
| Select group | 1053 |
| Assign group | 448 |
| Select | 447 |
| Build/train/purchase | 112 |
| Use ability | 65 |
| Minimap ping | 14 |
| Chat | 11 |
| Remove unit | 9 |
| Item give/drop | 4 |